 Dungeon Crawl Stone Soup version 0.22.1 (webtiles) character file.

317 Fang the Chopper (level 6, -1/39 HPs)
             Began as a Gargoyle Berserker on Sept 18, 2018.
             Was a Priest of Trog.
             Slain by Sigmund
             ... wielding a +0 scythe
              (6 damage)
             ... on level 4 of the Dungeon.
             The game lasted 00:04:22 (2549 turns).

Fang the Chopper (Gargoyle Berserker)               Turns: 2549, Time: 00:04:23

Health: -1/39      AC:  6    Str: 22    XL:     6   Next: 44%
Magic:  6/6        EV: 13    Int:  6    God:    Trog [***...]
Gold:   84         SH:  0    Dex: 14    Spells: 5/5 levels left

rFire    . . .     SeeInvis .   a - +0 hand axe
rCold    . . .     Gourm    .   (no shield)
rNeg     + . .     Faith    .   b - +0 animal skin
rPois    ∞         Spirit   .   (no helmet)
rElec    +         Reflect  .   (no cloak)
rCorr    .         Harm     .   (no gloves)
MR       .....                  (no boots)
Stlth    +.........             (no amulet)
HPRegen  0.13/turn              i - +5 ring of dexterity
MPRegen  0.10/turn              k - -2 ring of intelligence (curse)

@: confused, berserk cooldown, slowed, very slow
A: negative energy resistance 1, electricity resistance, unbreathing,
petrification resistance, rot immunity, AC +4
a: Berserk, Trog's Hand, Renounce Religion


You were on level 4 of the Dungeon.
You worshipped Trog.
Trog was most pleased with you.
You were very hungry.

You visited 1 branch of the dungeon, and saw 4 of its levels.

You collected 84 gold pieces.

Inventory:

Hand Weapons
 a - a +0 hand axe (weapon)
Armour
 b - a +0 animal skin (worn)
Jewellery
 i - a +5 ring of dexterity (left hand)
 k - a cursed -2 ring of intelligence (right hand)
Scrolls
 d - 4 scrolls of remove curse {unknown}
 e - 4 scrolls of identify {unknown}
 g - a scroll of random uselessness {unknown}
 j - 2 scrolls of immolation {unknown}
 l - 2 scrolls of amnesia {unknown}
 m - a scroll of magic mapping {unknown}
 n - a scroll of teleportation {unknown}
 o - a scroll of enchant armour {unknown}
 p - a scroll of noise {unknown}
Potions
 f - a potion of curing {unknown}
 h - a potion of ambrosia {unknown}
Comestibles
 c - 6 rations


   Skills:
 + Level 4.5 Fighting
 + Level 5.1 Axes
 + Level 2.4 Armour
 + Level 2.5 Dodging
 + Level 1.1 Stealth


You had 5 spell levels left.
You didn't know any spells.
Your spell library was empty.

Dungeon Overview and Level Annotations

Branches:
Dungeon (4/15)
 Temple: D:4-7

Altars:
Elyvilon
Kikubaaqudgha
Makhleb
Sif Muna
Xom
Zin

Annotations:
D:4 Pikel, Sigmund


Innate Abilities, Weirdness & Mutations

You are resistant to torment.
Your stone body is resilient. (AC +4)
You are immune to poison.
You resist negative energy. (rN+)
You are resistant to electric shocks. (rElec)
You can survive without breathing.
You are immune to petrification.
You are immune to rotting.


Message History

You are too confused!
Unknown command.
You are too confused!
You miss Sigmund.
Sigmund is almost dead.
You closely miss the slave. Sigmund gestures at you while chanting.
The puff of flame hits you! The slave closely misses you.
Sigmund hits you with a scythe!
Unknown command.
You barely miss Sigmund.
Sigmund is almost dead.
You barely miss the slave. You hit the slave. The slave hits you. x2
* * * LOW HITPOINT WARNING * * *
The slave hits you.
* * * LOW HITPOINT WARNING * * *
Sigmund hits you but does no damage. Pikel barely misses you.
Sigmund hits you from afar with a scythe.
You die...

#..⌠.....⌠.##.#
#..........##.# ##
#....⌠.⌠....#.# ...
#...........#.# #...
#..⌠.(...⌠..#.# ≈≈...
#.....<.....#.##≈..♣.
#.#.......#%#@.......
##.....##..pKp.♣
#######..#@#p.....
#..#.# ≈p.♣. #..#.##
≈... #..%..# ...
##.#.#..# .# #.#.##.#
# #.#....# #.######
#.#


You could see Pikel, Sigmund and 2 slaves.

Vanquished Creatures
  A bullfrog (D:4)
  A hound (D:4)
  A worker ant (D:2)
  8 gnolls (D:3)
  4 adders
  An ooze (D:3)
  A worm (D:3)
  A dart slug (D:1)
  2 leopard geckos
  6 orcs (D:3)
  9 ball pythons
  3 giant cockroaches
  8 goblins
  6 hobgoblins
  3 jackals (D:3)
  9 kobolds
  A quokka (D:3)
  6 bats
  2 frilled lizards (D:1)
  5 rats
78 creatures vanquished.

Vanquished Creatures (others)
  A quokka (D:4)
1 creature vanquished.

Grand Total: 79 creatures vanquished

Notes
Turn   | Place    | Note
-------+----------+-------------------------------------------
     0 | D:1      | Fang the Gargoyle Berserker began the quest for the Orb.
     0 | D:1      | Reached XP level 1. HP: 14/14 MP: 1/1
    84 | D:1      | Reached XP level 2. HP: 12/19 MP: 2/2
   377 | D:1      | Reached skill level 3 in Axes
   528 | D:1      | Reached ** piety under Trog
   729 | D:1      | Reached XP level 3. HP: 22/24 MP: 3/3
  1127 | D:2      | Reached XP level 4. HP: 29/29 MP: 4/4
  1461 | D:3      | Reached XP level 5. HP: 25/33 MP: 5/5
  1464 | D:3      | Reached skill level 4 in Axes
  1753 | D:3      | Found a burning altar of Makhleb.
  1754 | D:3      | Found an ancient bone altar of Kikubaaqudgha.
  1788 | D:3      | Found a glowing silver altar of Zin.
  1840 | D:3      | Reached *** piety under Trog
  2197 | D:3      | Reached skill level 1 in Stealth
  2197 | D:3      | Reached XP level 6. HP: 16/38 MP: 6/6
  2291 | D:3      | Found a deep blue altar of Sif Muna.
  2291 | D:3      | Found a faded altar of an unknown god.
  2296 | D:3      | Found a shimmering altar of Xom.
  2299 | D:3      | Found a white marble altar of Elyvilon.
  2301 | D:3      | Found a faded altar of an unknown god.
  2444 | D:4      | Reached skill level 5 in Axes
  2537 | D:4      | Noticed Sigmund
  2542 | D:4      | Noticed a slave
  2542 | D:4      | Noticed a slave
  2545 | D:4      | Noticed Pikel
  2546 | D:4      | Noticed a slave
  2546 | D:4      | Noticed a slave
  2549 | D:4      | Slain by Sigmund

Skill      XL: |  1  2  3  4  5  6 |
---------------+-------------------+-----
Axes           | 3 4 5 |  5.1
Dodging        | 2 |  2.5
Fighting       | 4 |  4.5
Stealth        | 1 |  1.1
Armour         | |  2.4

Action                   |  1- 3 |  4- 6 || total
-------------------------+-------+-------++-------
Melee: Hand axe          |   117 |   163 ||   280
Invok: Berserk           |       |     4 ||     4
 Stab: Sleeping          |     1 |     1 ||     2
  Eat: Chunk             |       |     8 ||     8
Armor: Animal skin       |    49 |    56 ||   105
Dodge: Dodged            |    85 |   119 ||   204
